ef, chaotic female elven Priestess ---------- |........| |.........## |........| # |<........##############@Y |........| # |........| ---------- ef the Adept Experience level: 9 Strength: 14 Dexterity: 11 Constitution: 15 Intelligence: 9 Wisdom: 16 Charisma: 10 Health: 0(66) Energy: 104(124) AC: 3 Gold: 1306 Moves: 6312 Your Inventory: Coins $ - 1306 gold pieces Weapons a - a blessed rusty +1 mace (weapon in hand) j - 2 uncursed [+0] darts (in quiver) G - 10 uncursed [+0] throwing stars [shuriken] Armor b - an uncursed +0 robe (being worn) c - an uncursed +0 small shield (being worn) v - an uncursed +0 pair of hard shoes [iron] C - a blessed [+1] iron skull cap [orcish helm] M - an uncursed +0 pair of jackboots [high] (being worn) Comestibles e - an uncursed clove of garlic f - an uncursed sprig of wolfsbane H - 2 uncursed [stale] eggs I - an uncursed food ration J - an uncursed slime mold R - an uncursed tin of lichen U - 2 uncursed apples Z - an uncursed tripe ration Potions d - 3 potions of holy water u - an uncursed potion of water A - an uncursed orange potion [of fruit juice] K - a cursed magenta potion [of booze] P - 2 uncursed smoky potions [of gain energy] W - a cursed cloudy potion [of object detection] Rings m - an uncursed ring of searching x - an uncursed ring of sustain ability L - an uncursed ring of teleport control T - an uncursed ring of poison resistance Wands t - an uncursed rusty wand of polymorph [0:3] z - an uncursed wand of digging [0:4] B - a blessed wand of magic missile (0:0) Tools i - an uncursed tooled horn n - 3 uncursed [tallow] candles w - an uncursed glass orb [(crystal ball) (0:1)] D - an uncursed brass lantern S - an uncursed tin opener X - an uncursed [+0] pick-axe Y - 4 uncursed [wax] candles Spells known in the end: Name Level Category Fail Memory a - identify 3 divination 72% [||||||||] b - healing 1 healing 0% [||||||||] c - detect monsters 1 divination 0% [|||||||.] Your skills at the end: Fighting Skills shield [Basic / Expert] Weapon Skills mace [Basic / Expert] Spellcasting Skills clerical spells [Basic / Expert] Final Attributes: You were piously aligned. Hunger level was 890. Your alignment was 41 / 41. Monster difficulty range was 1 - 9. Level difficulty was 9. You were immune to sleep. You saw invisible. You had infravision. You aggravated monsters. Your luck was zero. You are dead. Vanquished creatures: a quantum mechanic a large dog a dwarf king a tengu a dwarf mummy a dog a housecat a jaguar a dwarf lord a dust vortex an ape a rope golem 6 bugbears an imp a water nymph a Mordor orc an Uruk-hai 2 enormous rats 2 rock moles a yellow light a shrieker 4 gnome lords a gray ooze a straw golem a wax golem a giant ant a little dog 2 floating eyes 5 dwarves 2 kobold shamans 3 hill orcs a rothe a rabid rat a centipede a giant bat 4 orc zombies a werejackal 5 iguanas 3 killer bees 4 manes 4 large kobolds 6 hobgoblins a giant rat 2 cave spiders a brown mold a red mold 10 gnomes a gecko 6 jackals a fox a kobold 4 goblins 5 grid bugs 6 lichens 4 kobold zombies 9 newts 132 creatures vanquished. Voluntary challenges: You used a wielded weapon 219 times. You read items or engraved 14 times. You put on armor 7 times. You never genocided any monsters. You never polymorphed an object. You never changed form. You used no wishes. You never wrote Elbereth's name. You never encountered a bones level. You never used any Sokoban shortcuts. Dungeon overview: The Dungeons of Doom: levels 1 to 9 Level 1 a long staircase Level 2 a fountain Level 3 some fountains stairs to The Gnomish Mines Level 4 (tinning kit) an altar to Loki, a fountain, a sink Level 6 (healing + identify books) some fountains Level 7 a fountain Level 8 (!COCKATRICE!) Level 9 <- You were here The Gnomish Mines: Level 4 stairs to The Dungeons of Doom History has recorded: On T:1 you entered the Dungeons of Doom to retrieve the Amulet of Yendor! On T:786 you advanced to experience level 2. On T:915 you advanced to experience level 3. On T:1018 you reached level 2 of The Dungeons of Doom. On T:1355 you reached level 3 of The Dungeons of Doom. On T:1389 you advanced to experience level 4. On T:1824 you reached level 4 of The Dungeons of Doom. On T:1894 you advanced to experience level 5. On T:2120 you advanced to experience level 6. On T:2354 you reached level 5 of The Dungeons of Doom. On T:2812 you reached level 6 of The Dungeons of Doom. On T:2900 you advanced to experience level 7. On T:3412 you reached level 1 of The Gnomish Mines. On T:4644 you advanced to experience level 8. On T:5151 you reached level 7 of The Dungeons of Doom. On T:5821 you reached level 8 of The Dungeons of Doom. On T:6094 you advanced to experience level 9. On T:6258 you reached level 9 of The Dungeons of Doom. Latest messages: Ecch - that must have been poisonous! Your movements are slowed slightly because of your load. This quantum mechanic corpse tastes terrible! [HP-7=41] You stop eating the quantum mechanic corpse. [4 turns] The dart misses the sasquatch. [HP+1=42] [2 turns] The dart misses the sasquatch. You hit the sasquatch. The sasquatch hits! (2x) The sasquatch kicks! The sasquatch hits! (2x) The sasquatch kicks! [HP-15=27] You hit the sasquatch! The sasquatch hits! (2x) The sasquatch kicks! The sasquatch hits! (2x) You die... Final status: Goodbye ef the Priestess... You died in The Dungeons of Doom on dungeon level 9 with 5870 points, and 1306 pieces of gold, after 6312 moves. You were level 9 with a maximum of 66 hit points when you died.